 Dungeon Sprint DCSS version 0.31.0-32-g396128a36d (webtiles) character file.

Game seed: 499075377612064971

7 Groucho the Digger (level 1, -2/10 HPs)
             Began as a Deep Elf Earth Elementalist on Mar 17, 2024.
             Was a Believer of Sif Muna.
             Slain by a fire bat (7 damage)
             ... in the Dungeon (Sprint VII: "The Pits").
             The game lasted 00:01:28 (762 turns).

Groucho the Digger (Deep Elf Earth Elementalist)     Turns: 762, Time: 00:01:29

Health: -2/10      AC:  2    Str:  5    XL:     1   Next: 91%
Magic:  4/7        EV: 12    Int: 19    God:    Sif Muna [**....]
Gold:   0          SH:  0    Dex: 15    Spells: 6/7 levels left

rFire   . . .        h - +2 dagger
rCold   . . .        (no shield)
rNeg    . . .        a - +0 robe
rPois   .            (no helmet)
rElec   .            (no cloak)
rCorr   .            (no gloves)
SInv    .            (no boots)
Will    .....        (no amulet)
Stlth   ++           (no ring)
HPRegen 0.21/turn    (no ring)
MPRegen 0.10/turn

%: no teleportation
@: no status effects
A: no striking features
a: Renounce Religion, Channel Magic


You were in the Dungeon.
You worshipped Sif Muna.
Sif Muna was pleased with you.
You visited 1 branch

Inventory:

Hand Weapons
 h - a +2 dagger (weapon)
Armour
 a - a +0 robe (worn)
Scrolls
 g - a scroll of blinking
 j - 2 scrolls of vulnerability
 k - 5 scrolls of amnesia
 l - a scroll of butterflies
Potions
 b - 5 potions of magic
 c - a potion of curing
 d - a potion of heal wounds
 e - a potion of haste
 f - 3 potions of berserk rage
 i - 2 potions of invisibility


   Skills:
 - Level 2.4 Dodging
 - Level 2.4 Stealth
 + Level 3.6 Spellcasting
 * Level 2.6 Conjurations
 * Level 4.1 Earth Magic
 + Level 1.3 Invocations


You had 6 spell levels left.
You knew the following spells:

 Your Spells              Type           Power      Damage    Failure   Level
a - Sandblast             Erth           38%        2d10      2%          1

Your spell library contained the following spells:

 Spells                   Type           Power      Damage    Failure   Level
 Passwall                 Erth           19%        N/A       8%          3
 Stone Arrow              Conj/Erth      32%        3d9       11%         3
 Brom's Barrelling Bould  Conj/Erth      16%        2d4       34%         4
 Petrify                  Alch/Erth      11%        N/A       52%         4


Dungeon Overview and Level Annotations

Branches:
Dungeon (1/1)

Altars:
Ashenzari
Cheibriados
Dithmenos
Elyvilon
Fedhas
Gozag
Hepliaklqana
Kikubaaqudgha
Makhleb
Nemelex Xobeh
Okawaru
Qazlal
Ru
Sif Muna
Trog
Uskayaw
Vehumet
Wu Jian
Xom
Yredelemnul
Zin
The Shining One
Jiyva
Lugonu


Message History

Aim: a bat (73% to hit)
The blast of sand hits the bat!
You kill the bat!
Sif Muna accepts your kill.
Unknown command.
You start resting.
Magic restored.
You start waiting.
Done waiting.
Aiming: Sandblast (safe; 2% risk of failure)
Press: ? - help, Q - select action, (/) - cycle Shift-Dir - straight line, f - kobold
Aim: a kobold, wielding a +0 club (asleep, 100% to hit)
The blast of sand hits the kobold!
You kill the kobold!
Sif Muna accepts your kill.
Unknown command.
There is an open door here.
You see here a bat corpse.
You open the door.
A frilled lizard comes into view.
Aiming: Sandblast (safe; 2% risk of failure)
Press: ? - help, Q - select action, (/) - cycle Shift-Dir - straight line, f - frilled lizard
Aim: a frilled lizard (70% to hit)
The blast of sand hits the frilled lizard!
You kill the frilled lizard!
Sif Muna accepts your kill.
Unknown command.
A giant cockroach zombie, a fire bat and a quokka skeleton come into view.
There is an open door here.
Aiming: Sandblast (safe; 2% risk of failure)
Press: ? - help, Q - select action, (/) - cycle Shift-Dir - straight line, f - giant cockroach zombie
Aim: a giant cockroach zombie (94% to hit)
The blast of sand hits the giant cockroach zombie!
You destroy the giant cockroach zombie!
Sif Muna accepts your kill. The fire bat bites you.
Ouch! That really hurt!
You are engulfed in flames!
Ouch! That really hurt!
You die...

##########'##........
#..(.')))'.##......#.
##########.##........
#...........'........
+#####÷#####......#.
#)..#.# #........
#...#.# ####'####
#...†.# #.......#
##@#### #.......#
#..b..# #.......#
#..Z..# #...<...#
#....... #.......#
#........##.......#
###########.......#
#########


You could see a fire bat and a quokka skeleton.

Vanquished Creatures
  A bat zombie (D)
  3 jackals (D)
  A bat (D)
  A frilled lizard (D)
  A giant cockroach zombie (D)
  A kobold (D)
8 creatures vanquished.

Notes
Turn   | Place    | Note
-------+----------+-------------------------------------------
     0 | D        | Groucho the Deep Elf Earth Elementalist began the quest for
                  | the Orb.
     0 | D        | Reached XP level 1. HP: 10/10 MP: 6/6
   367 | D        | Found a bloodstained altar of Trog.
   367 | D        | Found a shimmering blue altar of Sif Muna.
   367 | D        | Found a viscous altar of Jiyva.
   367 | D        | Found a hazy altar of Hepliaklqana.
   367 | D        | Found an opulent altar of Gozag.
   368 | D        | Found a glowing golden altar of the Shining One.
   368 | D        | Found a glowing silver altar of Zin.
   368 | D        | Found a basalt altar of Yredelemnul.
   368 | D        | Found a shimmering altar of Xom.
   368 | D        | Found an ornate altar of the Wu Jian Council.
   368 | D        | Found a sacrificial altar of Ru.
   368 | D        | Found a stormy altar of Qazlal.
   368 | D        | Found an iron altar of Okawaru.
   368 | D        | Found a sparkling altar of Nemelex Xobeh.
   368 | D        | Found a burning altar of Makhleb.
   368 | D        | Found a blossoming altar of Fedhas.
   368 | D        | Found a white marble altar of Elyvilon.
   368 | D        | Found a shadowy altar of Dithmenos.
   368 | D        | Found a snail-covered altar of Cheibriados.
   369 | D        | Found a radiant altar of Vehumet.
   369 | D        | Found a corrupted altar of Lugonu.
   370 | D        | Found an ancient bone altar of Kikubaaqudgha.
   370 | D        | Found a hide-covered altar of Uskayaw.
   370 | D        | Found a broken altar of Ashenzari.
   371 | D        | Became a worshipper of Sif Muna the Loreminder
   392 | D        | Reached skill level 1 in Invocations
   392 | D        | Reached * piety under Sif Muna
   393 | D        | Reached skill level 4 in Earth Magic
   761 | D        | Noticed a fire bat
   762 | D        | Reached ** piety under Sif Muna
   762 | D        | Slain by a fire bat

Illustrated notes

Levels and vault maps discovered:
D:        pitsprint [storerooms_1, entrance_room_1, metal_vault_3, armoury_1,
          mini_pit_1, grid_room_1, main_hall_1, silver_pit, the_coven_2,
          the_vestibule_1, steel_vault_2, golden_pit, hallway_of_sentries,
          crystal_vault_1, iron_vault_3, final_vault]

Skill      XL: |  1 |
---------------+----+-----
Conjurations   | 2 |  2.6
Invocations    | 1 |  1.3
Earth Magic    | 4 |  4.1
Dodging        | |  2.4
Stealth        | |  2.4
Spellcasting   | |  3.6

Action                     || total
---------------------------++-------
   Cast: Sandblast         ||    13
 Armour: Robe              ||    12
  Dodge: Dodged            ||     9
